 Dungeon Crawl Stone Soup version 0.17-a0-1840-g87820a2 (webtiles) character file.

141 terribad the Covered (level 4, -2/38 HPs)
             Began as a Demigod Fighter on Sept 16, 2015.
             Killed by nerve-wracking pain
             ... invoked by Grinder
              (7 damage)
             ... on level 3 of the Dungeon.
             The game lasted 00:04:46 (1653 turns).

terribad the Covered (Demigod Fighter)              Turns: 1653, Time: 00:04:47

Health: -2/38      AC: 11    Str: 26    XL:     4   Next: 73%
Magic:  6/6        EV:  7    Int: 12    God:
Gold:   166        SH: 10    Dex: 15    Spells: 0 memorised, 3 levels left

rFire  . . .     SeeInvis .     a - +0 war axe
rCold  . . .     Clarity  .     y - +0 chain mail
rNeg   . . .     SustAt   +     c - +0 shield
rPois  .         Gourm    .     w - +0 helmet
rElec  .         Spirit   .     p - +0 cloak (curse)
rCorr  .         Warding  .     (no gloves)
rMut   +         Stasis   .     (no boots)
MR     .....                    j - amulet of resist mutation
Stlth  ..........               (no ring)
                                (no ring)

@: mighty, not resistant to hostile enchantments, extremely unstealthy
A: high mp 1, sustain attributes
a: no special abilities


You were on level 3 of the Dungeon.
You were hungry.

You visited 1 branch of the dungeon, and saw 3 of its levels.

You collected 166 gold pieces.

Inventory:

Hand weapons
 a - a +0 war axe (weapon)
Missiles
 u - 8 tomahawks (quivered)
Armour
 b - a +0 scale mail
 c - a +0 shield (worn)
 p - a cursed +0 cloak (worn)
 w - a +0 helmet (worn)
 y - a +0 chain mail (worn)
Jewellery
 j - an amulet of resist mutation (around neck)
Scrolls
 f - 2 scrolls of identify {unknown}
 g - 2 scrolls of noise {unknown}
 i - 2 scrolls of teleportation {unknown}
 k - 2 scrolls of immolation {unknown}
 l - a scroll of remove curse {unknown}
 n - a scroll of magic mapping {unknown}
 t - a scroll of enchant weapon {unknown}
Potions
 h - a potion of flight {unknown}
 m - 3 potions of mutation {unknown}
 o - a potion of resistance {unknown}
 q - 2 potions of curing {unknown}
 r - a potion of lignification {unknown}
Comestibles
 e - 2 bread rations
 s - 3 fruits
 v - a chunk of flesh
 x - 2 meat rations


   Skills:
 + Level 3.1 Fighting
 * Level 2.8 Axes
 + Level 3.3 Armour
 * Level 2.2 Dodging
 + Level 2.9 Shields


You had 3 spell levels left.
You didn't know any spells.

Dungeon Overview and Level Annotations

Branches:
Dungeon (3/15)

Annotations:
D:3 Grinder


Innate Abilities, Weirdness & Mutations

You have an increased reservoir of magic (+10% MP).
Your attributes are resistant to harm.


Message History

You feel very mighty all of a sudden. Grinder completely misses you.
You hit Grinder but do no damage.
Grinder is moderately wounded.
You block Grinder's attack.
You barely miss Grinder.
Grinder is moderately wounded.
Grinder hits you.
You writhe in agony.
Your shield and chain mail prevent you from hitting Grinder.
Grinder is moderately wounded.
Grinder hits you.
* * * LOW HITPOINT WARNING * * *
You writhe in agony.
* * * LOW HITPOINT WARNING * * *
Grinder hits you but does no damage.
You slash Grinder!
Grinder is heavily wounded.
Grinder gestures at you. Pain shoots through your body!
You die...

#.####.# #.# #.#
###.####.# #.....##.#
#######.....##.#
.............#.#########
..#.#......#.#..)......#
..#.#..#...#.#.#.##.#..#
.............#.#@#
#............#.#5#
#.#.#..###...#.#b.....(#
#....... ..............
###.#..## ..#....#.....
...... #.##.#....# .. ..
...# ... .. ..# ..# ##.
...


You could see Grinder and a bat.

Vanquished Creatures
  A worker ant (D:3)
  7 adders
  A shadow imp (D:3)
  An ooze (D:2)
  A worm (D:2)
  2 giant geckos
  A ball python (D:1)
  9 bats
  A giant cockroach (D:1)
  4 hobgoblins
  5 kobolds
  A quokka (D:2)
  3 giant newts
  4 goblins
  7 rats
48 creatures vanquished.

Notes
Turn   | Place    | Note
--------------------------------------------------------------
     0 | D:1      | terribad the Demigod Fighter began the quest for the Orb.
     0 | D:1      | Reached XP level 1. HP: 18/18 MP: 3/3
   178 | D:1      | Reached XP level 2. HP: 22/25 MP: 4/4
   545 | D:2      | Reached skill level 1 in Dodging
   554 | D:2      | Reached skill level 3 in Armour
   606 | D:2      | Reached XP level 3. HP: 21/30 MP: 5/5
  1357 | D:2      | Reached XP level 4. HP: 32/37 MP: 6/6
  1634 | D:3      | Noticed Grinder
  1653 | D:3      | Killed from afar by Grinder

Vault maps used:
D:1:      scummos_arrival_simple_fountains
D:2:      first_bread
D:3:      wad_pebble_path, uniq_grinder

Action                   |  1- 3 |  4- 6 || total
-------------------------+-------+-------++-------
Melee: War axe           |   114 |    44 ||   158
  Use: Potion            |       |     1 ||     1
  Eat: Chunk             |     1 |     1 ||     2
